 Dungeon Crawl Stone Soup version 0.30-a0-859-gf88a04b62d (webtiles) character file.

Game seed: 5036860110997680820

202 MacCMillion the Shooter (level 5, 0/25 HPs)
             Began as a Spriggan Hunter on Mar 6, 2023.
             Slain by an orc
             ... wielding a +0 hand axe
              (6 damage)
             ... on level 3 of the Dungeon.
             The game lasted 00:03:47 (2249 turns).

MacCMillion the Shooter (Spriggan Hunter)           Turns: 2249, Time: 00:03:47

Health: 0/25       AC:  2    Str:  7    XL:     5   Next: 50%
Magic:  6/6        EV: 18    Int: 10    God:
Gold:   130        SH:  0    Dex: 21    Spells: 4/4 levels left

rFire   . . .      SeeInvis +    a - +0 shortbow
rCold   . . .      Faith    .    (shield currently unavailable)
rNeg    . . .      Spirit   .    c - +0 robe
rPois   .          Reflect  .    (helmet restricted)
rElec   .          Rampage  .    n - scarf {repulsion}
rCorr   .                        (gloves unavailable)
Will    +....                    (boots unavailable)
Stlth   +++                      (no amulet)
HPRegen 0.24/turn                u - ring of willpower
MPRegen 0.10/turn                (no ring)

@: repel missiles, very quick
A: very small, no large weapons, unfitting armour, see invisible, speed 3
a: no special abilities


You were on level 3 of the Dungeon.
You visited 1 branch of the dungeon, and saw 4 of its levels.

You collected 130 gold pieces.

Inventory:

Hand Weapons
 a - a +0 shortbow (weapon)
Armour
 c - a +0 robe (worn)
 n - a scarf of repulsion (worn)
Jewellery
 l - a ring of ice
 s - a ring of fire
 u - a ring of willpower (left hand)
Scrolls
 b - a scroll of immolation
 e - 2 scrolls of enchant weapon {unknown}
 f - 11 scrolls of identify {unknown}
 g - a scroll of vulnerability {unknown}
 h - 2 scrolls of teleportation {unknown}
 k - a scroll of brand weapon {unknown}
 o - a scroll of enchant armour {unknown}
 t - a scroll of noise {unknown}
Potions
 d - 2 potions of curing {unknown}
 i - 2 potions of berserk rage {unknown}
 j - a potion of lignification {unknown}
 m - a potion of degeneration {unknown}
 p - 2 potions of cancellation {unknown}
 q - a potion of attraction {unknown}
 r - a potion of might {unknown}


   Skills:
 - Level 1.5 Fighting
 + Level 6.4 Ranged Weapons
 - Level 2.6 Dodging
 - Level 4.0 Stealth


You had 4 spell levels left.
You didn't know any spells.
Your spell library was empty.

Dungeon Overview and Level Annotations

Branches:
Dungeon (4/15)
 Temple: D:4-7

Altars:
Nemelex Xobeh


Innate Abilities, Weirdness & Mutations

You are very small and have problems with some larger weapons.
You are too small for most types of armour.
You have supernaturally acute eyesight. (SInv)
You cover ground extremely quickly. (Speed+++)


Message History

Aim: an orc, wielding a +0 flail and wearing a +0 leather armour (severely wounded, 65% to hit)
You shoot an arrow. The arrow hits the orc.
The orc is almost dead.
The orc closely misses you. The orc hits you with a +0 hand axe!
* * * LOW HITPOINT WARNING * * *
Fire: a) +0 shortbow
Press: ? - help, Q - select action Shift-Dir - straight line, f/p - orc
Aim: an orc, wielding a +0 flail and wearing a +0 leather armour (almost dead, 65% to hit)
You shoot an arrow. The arrow barely misses the orc.
The orc completely misses you. The orc misses you. The orc barely misses you.
The orc completely misses you.
Unknown command.
Fire: a) +0 shortbow
Press: ? - help, Q - select action Shift-Dir - straight line, f/p - orc
Aim: an orc, wielding a +0 flail and wearing a +0 leather armour (almost dead, 65% to hit)
You shoot an arrow. The arrow barely misses the orc.
A quokka comes into view.
The orc closely misses you. x2
Unknown command.
Fire: a) +0 shortbow
Press: ? - help, Q - select action Shift-Dir - straight line, f/p - orc
Aim: an orc, wielding a +0 flail and wearing a +0 leather armour (almost dead, 65% to hit)
You shoot an arrow.
The arrow hits the orc but does no damage.
The orc is almost dead.
The orc closely misses you. x2
Unknown command.
Fire: a) +0 shortbow
Press: ? - help, Q - select action Shift-Dir - straight line, f/p - orc
Aim: an orc, wielding a +0 flail and wearing a +0 leather armour (almost dead, 65% to hit)
You shoot an arrow. The arrow closely misses the orc.
The orc completely misses you. The orc barely misses you.
Unknown command.
Fire: a) +0 shortbow
Press: ? - help, Q - select action Shift-Dir - straight line, f/p - orc
Aim: an orc, wielding a +0 flail and wearing a +0 leather armour (almost dead, 65% to hit)
You shoot an arrow. The arrow hits the orc.
You kill the orc!
The orc hits you with a +0 hand axe.
You die...

######.......##.#
#........
##......##.#
####.#### #......##.#
#...... #.###..##.#
#..#### #......##^#
#..#... ##........#
#..#... #........#
#......
####)##.########.#...
#@o...).....).....
##################


You could see an orc.

Vanquished Creatures
  2 orc wizards
  4 gnolls (D:2)
  2 adders (D:2)
  A worm (D:2)
  11 orcs (D:3)
  7 ball pythons
  9 bats
  5 endoplasms
  4 giant cockroaches
  8 goblins
  4 hobgoblins
  6 jackals
  2 kobolds
  5 quokkas
  7 rats
77 creatures vanquished.

Notes
Turn   | Place    | Note
-------+----------+-------------------------------------------
     0 | D:1      | MacCMillion the Spriggan Hunter began the quest for the
                  | Orb.
     0 | D:1      | Reached XP level 1. HP: 10/10 MP: 2/2
    90 | D:1      | Reached XP level 2. HP: 14/14 MP: 3/3
   363 | D:1      | Reached XP level 3. HP: 18/18 MP: 4/4
   589 | D:2      | Found a sparkling altar of Nemelex Xobeh.
   854 | D:2      | Reached skill level 5 in Ranged Weapons
   854 | D:2      | Reached XP level 4. HP: 13/22 MP: 5/5
  1483 | D:3      | Reached skill level 6 in Ranged Weapons
  1483 | D:3      | Reached XP level 5. HP: 25/25 MP: 6/6
  2249 | D:3      | Slain by an orc

Illustrated notes

Levels and vault maps discovered:
D:1:      minmay_arrival_open_corners, layout_basic,
          ebering_dispersal_statue_hall
D:2:      layout_loops_ring, basic_altar, minmay_tetromino_t4
D:3:      layout_loops_ring
D:4:      gammafunk_cloud_chamber, layout_cave_pools,
          minmay_temple_entry_purple_smoke, gammafunk_ghost_mausoleum,
          serial_shops, nicolae_lakefront_shop, hangedman_abyss_or_decor_slice

Skill      XL: |  1  2  3  4 |
---------------+-------------+-----
Stealth        | 2 3 4 |  4.0
Ranged Weapons | 5 6 |  6.4
Fighting       | |  1.5
Dodging        | |  2.6

Action                     |  1- 3 |  4- 6 || total
---------------------------+-------+-------++-------
   Fire: Shortbow          |   106 |   145 ||   251
 Armour: Robe              |     2 |     5 ||     7
  Dodge: Dodged            |    38 |    92 ||   130

Table legend: (Time is in decaauts)
 A = Elapsed time spent in this place.
 B = Non-inter-level travel time spent in this place.
 C = Inter-level travel time spent in this place.
 D = Time resting spent in this place.
 E = Time spent auto-exploring this place.
 F = Levels seen in this place.
 G = Mean time per level.
                   A        B        C        D        E       F      G
               +--------+--------+--------+--------+--------+-----+--------+
         Total |   1669 |   1603 |     66 |    209 |    885 |   4 |  417.2 |
       Dungeon |   1669 |   1603 |     66 |    209 |    885 |   4 |  417.2 |
               +--------+--------+--------+--------+--------+-----+--------+

Top non-repeatable levels by time:
     D:2: 704 daAuts
     D:3: 545 daAuts
     D:1: 406 daAuts
     D:4: 12 daAuts
